[Event "Titled Tuesday Blitz November 30 2021"]
[White "Ibarra Jerez, Jose Carlos"]
[Black "Shipov, Sergei"]
[WhiteFideId "2226332"]
[BlackFideId "4113624"]
[WhiteElo "2626"]
[BlackElo "2760"]
[Result "0-1"]
[Round "07"]
[TimeControl "180+1"]
[Date "2021.11.30"]
[WhiteClock "0:00:03"]
[BlackClock "0:00:23"]

1. g3 d5 2. Bg2 c6 3. d3 e5 4. Nd2 Nf6 5. e4 dxe4 6. dxe4 Bc5 7. Ngf3 Nbd7 8. O-O O-O 9. Qe2 Re8 10. a4 a5 11. Nc4 Qc7 12. b3 Nb6 13. Ne3 Nxe4 14. Bb2 f6 15. Nxe5 Rxe5 16. Bxe5 Qxe5 17. Nc4 Nc3 18. Qxe5 fxe5 19. Nxe5 Bf5 20. Nd3 Bd4 21. Rae1 Bf6 22. h3 Rd8 23. Nc5 Bc8 24. Ne4 Nxe4 25. Rxe4 Kf7 26. g4 Rd2 27. c4 Bd4 28. Rf4+ Kg8 29. Re1 Bd7 30. Ree4 Bc5 31. Rf3 Nc8 32. Re5 b6 33. Bf1 Ne7 34. Rd3 Bxf2+ 35. Kg2 Rxd3 36. Bxd3 Bc5 37. Re2 Ng6 38. Kf3 Kf7 39. Bf5 Bxf5 40. gxf5 Ne7 41. Kg4 Kf6 42. Re6+ Kf7 43. Re2 Nc8 44. Re6 Nd6 45. h4 g6 46. Kg5 gxf5 47. Re2 Ne4+ 48. Kf4 Kf6 49. Kf3 Be7 50. Rg2 Nc5 51. h5 Kf7 52. h6 Bf8 53. Rg5 Kf6 54. Rg8 Bxh6 55. Rc8 Nxb3 56. Rxc6+ Kg5 57. Rxb6 Nc5 58. Rb5 Nxa4 59. c5 Bf8 60. c6 Bd6 61. Rd5 Bc7 62. Rd7 Be5 63. c7 Nb6 64. Rxh7 a4 65. Re7 Kf6 66. Rh7 Kg6 67. Re7 Kf6 68. Rh7 Ke6 69. Rh6+ Bf6 70. Rh8 a3 71. c8=Q+ Nxc8 72. Rxc8 a2 73. Rc6+ Kf7 74. Rc7+ Kg6 0-1


[Site "https://www.chess.com"]

[Event "Titled Tuesday Blitz November 30 2021"]
[White "Kim, Sergey"]
[Black "Narayanan.S.L"]
[WhiteFideId "13700570"]
[BlackFideId "5058422"]
[WhiteElo "2603"]
[BlackElo "2570"]
[Result "0-1"]
[Round "07"]
[TimeControl "180+1"]
[Date "2021.11.30"]
[WhiteClock "0:01:11"]
[BlackClock "0:02:27"]

1. d4 c5 2. d5 e5 3. Nc3 d6 4. e4 a6 5. a4 g6 6. Be2 Bg7 7. Nf3 Ne7 8. h4 h6 9. h5 g5 10. Nd2 Nd7 11. Nc4 Nf6 12. g4 O-O 13. f3 b6 14. Be3 Rb8 15. Kf2 b5 16. axb5 axb5 17. Na5 b4 18. Nb5 Bxg4 19. Nc6 Qd7 20. Ra7 Rb7 21. Rxb7 Qxb7 22. Nxd6 Qd7 23. Nxe7+ Qxe7 24. Bxc5 Qc7 25. fxg4 Qxc5+ 26. Kg2 Qxd6 0-1


[Site "https://www.chess.com"]

[Event "Titled Tuesday Blitz November 30 2021"]
[White "Kollars, Dmitrij"]
[Black "Bologan, Victor"]
[WhiteFideId "12909572"]
[BlackFideId "13900048"]
[WhiteElo "2584"]
[BlackElo "2472"]
[Result "1-0"]
[Round "07"]
[TimeControl "180+1"]
[Date "2021.11.30"]
[WhiteClock "0:01:38"]
[BlackClock "0:00:14"]

1. e4 e5 2. Nf3 Nc6 3. Bb5 a6 4. Ba4 Nf6 5. O-O Nxe4 6. d4 b5 7. Bb3 d5 8. dxe5 Be6 9. Qe2 Be7 10. Rd1 O-O 11. c4 bxc4 12. Bxc4 Bc5 13. Be3 Bxe3 14. Qxe3 Qb8 15. Bb3 Na5 16. Nbd2 Nxd2 17. Rxd2 Nxb3 18. axb3 h6 19. Rc1 a5 20. Nd4 Ra6 21. Rdc2 a4 22. bxa4 Rxa4 23. b3 Ra3 24. Rxc7 Qb4 25. Nc2 1-0


[Site "https://www.chess.com"]

[Event "Titled Tuesday Blitz November 30 2021"]
[White "Kravtsiv, Martyn"]
[Black "Kamsky, Gata"]
[WhiteFideId "14113147"]
[BlackFideId "2000024"]
[WhiteElo "2660"]
[BlackElo "2645"]
[Result "0-1"]
[Round "07"]
[TimeControl "180+1"]
[Date "2021.11.30"]
[WhiteClock "0:00:20"]
[BlackClock "0:00:50"]

1. e4 e5 2. Nf3 Nc6 3. Nc3 Nf6 4. a4 g6 5. Bc4 Bg7 6. d3 d6 7. O-O O-O 8. h3 Bd7 9. a5 a6 10. Nd5 Nxd5 11. Bxd5 Kh8 12. c3 f5 13. Ng5 Qe7 14. Qb3 Nd8 15. Nf3 c6 16. Bc4 Be6 17. Bg5 Bf6 18. Bh6 Bxc4 19. Qxc4 Rg8 20. Rfe1 f4 21. g4 g5 22. h4 gxh4 23. g5 Nf7 24. Kf1 Bxg5 25. Bxg5 Nxg5 26. Nxh4 f3 27. Re3 Raf8 28. Rd1 Qe8 29. Ke1 Qh5 30. Nf5 Qh2 31. Qb4 Rxf5 32. exf5 Qg1+ 33. Kd2 Qxf2+ 0-1


[Site "https://www.chess.com"]

[Event "Titled Tuesday Blitz November 30 2021"]
[White "Kucuksari, Kaan"]
[Black "Martinez Alcantara, Jose Eduardo"]
[WhiteFideId "6380166"]
[BlackFideId "3805662"]
[WhiteElo "2301"]
[BlackElo "2690"]
[Result "0-1"]
[Round "07"]
[TimeControl "180+1"]
[Date "2021.11.30"]
[WhiteClock "0:00:10"]
[BlackClock "0:00:20"]

1. d4 d5 2. c4 dxc4 3. Nf3 Nf6 4. e3 e6 5. Bxc4 a6 6. O-O c5 7. b3 Be7 8. Bb2 Nbd7 9. a4 O-O 10. Nc3 cxd4 11. exd4 Nb6 12. Bd3 Bd7 13. Ne5 Rc8 14. Qf3 Bc6 15. Nxc6 Rxc6 16. Rad1 Nbd5 17. Ne4 g6 18. Nc5 Qc7 19. Rfe1 Rd8 20. g3 Nd7 21. b4 Nxb4 22. Be4 Rb6 23. a5 Rb5 24. Nxb7 Re8 25. Rc1 Qb8 26. Nc5 Nf6 27. d5 Nfxd5 28. Nxe6 fxe6 29. Bxg6 hxg6 30. Rxe6 Nf4 31. gxf4 Kf7 32. Qg4 Rg8 33. Rce1 Qd8 34. Rf6+ Bxf6 35. Qe6+ Kg7 36. Bxf6+ Qxf6 37. Qd7+ Qf7 38. Re7 Rf8 39. Qd4+ Kg8 40. Rxf7 Rxf7 41. Qd8+ Kg7 42. Qd4+ Kh7 43. Qd6 Nd5 44. Qxa6 Rb1+ 45. Kg2 Nxf4+ 46. Kf3 Rb3+ 47. Ke4 Rb4+ 48. Ke5 Rf5+ 49. Kd6 Rf6+ 50. Kc7 Rxa6 0-1


[Site "https://www.chess.com"]

[Event "Titled Tuesday Blitz November 30 2021"]
[White "Lavrov, Maxim"]
[Black "Perez Ponsa, Federico"]
[WhiteFideId "4166418"]
[BlackFideId "117927"]
[WhiteElo "2192"]
[BlackElo "2672"]
[Result "0-1"]
[Round "07"]
[TimeControl "180+1"]
[Date "2021.11.30"]
[WhiteClock "0:00:15"]
[BlackClock "0:00:08"]

1. Nf3 Nf6 2. g3 d5 3. Bg2 e6 4. O-O c5 5. b3 Be7 6. Bb2 O-O 7. d3 Nc6 8. Nbd2 b6 9. e4 Bb7 10. Re1 Qc7 11. exd5 Nxd5 12. Ne5 Bf6 13. f4 Rad8 14. Kh1 Nxe5 15. fxe5 Bg5 16. Ne4 Ne3 17. Qd2 Nxg2 18. Qxg2 b5 19. Kg1 c4 20. Ba3 Be7 21. Bxe7 Qxe7 22. dxc4 bxc4 23. Qf2 Ba8 24. Nd6 f6 25. Rad1 fxe5 26. Qc5 Rxd6 27. Qxd6 Qb7 28. Qxe6+ Kh8 29. Rd5 Qxd5 30. Qxd5 Bxd5 31. Rxe5 Rd8 32. Kf2 Bf7 33. Re7 Bg6 34. Rxa7 Rd2+ 35. Ke3 Rd8 36. bxc4 Bxc2 37. c5 h6 38. c6 Rd3+ 39. Ke2 Rc3 40. c7 Kh7 41. Kd2 Rc4 42. a4 Bf5 43. a5 Bc8 44. Kd3 Rc1 45. a6 Rc6 46. Kd4 Rxa6 47. Rxa6 Bxa6 48. Kc5 Kg6 49. Kd6 Kf5 50. Ke7 g5 51. Kf7 h5 52. Kg7 Kg4 53. Kh6 h4 54. Kg6 Bc8 55. Kf6 h3 56. Kg6 Kf3 57. Kxg5 Kg2 58. Kh4 Kxh2 59. g4 Kg2 60. g5 h2 61. g6 h1=Q+ 62. Kg5 Qh8 63. Kf4 Qf6+ 0-1


[Site "https://www.chess.com"]

[Event "Titled Tuesday Blitz November 30 2021"]
[White "Le, Tuan Minh"]
[Black "Rasulov, Vugar"]
[WhiteFideId "12401153"]
[BlackFideId "13402390"]
[WhiteElo "2450"]
[BlackElo "2560"]
[Result "1-0"]
[Round "07"]
[TimeControl "180+1"]
[Date "2021.11.30"]
[WhiteClock "0:00:18"]
[BlackClock "0:00:30"]

1. d4 d5 2. Nf3 c5 3. c3 Nc6 4. Bf4 cxd4 5. cxd4 Nf6 6. Nc3 Bf5 7. Qb3 Na5 8. Qa4+ Bd7 9. Qc2 e6 10. e3 Be7 11. Bd3 O-O 12. O-O Rc8 13. Ne5 a6 14. Qe2 Be8 15. Rac1 Nd7 16. Nxd7 Bxd7 17. Qh5 f5 18. Ne2 Nc4 19. b3 Nd6 20. Rxc8 Bxc8 21. Rc1 Qa5 22. Bb1 Bd7 23. g4 g6 24. Qh3 Qd2 25. Rc2 Qa5 26. gxf5 Nxf5 27. Rc7 Rd8 28. Bxf5 exf5 29. Qf3 Qe1+ 30. Kg2 Bb5 31. Ng3 Bh4 32. Kh3 Bf6 33. Be5 Bf1+ 34. Nxf1 Qxf1+ 35. Qg2 Qe2 36. Bxf6 Qh5+ 37. Bh4 h6 38. f4 Re8 39. Qxd5+ Kh8 40. Rh7+ Kxh7 41. Qf7+ Kh8 42. Qxe8+ Kg7 43. Qe7+ Kg8 44. Qd8+ Kg7 45. Qc7+ Kg8 46. Qb8+ Kg7 47. Qxb7+ Kg8 48. Qc8+ Kg7 49. Qd7+ Kg8 50. Qc8+ Kg7 51. Qb7+ Kg8 52. Qg2 Kf7 53. d5 Qd1 54. d6 Qxd6 55. Qb7+ Kg8 56. Qc8+ Kf7 57. Qc4+ Kf8 58. Qd4 Qe6 59. Qf6+ Qxf6 60. Bxf6 Kf7 61. Bd4 g5 62. Kg3 Ke6 63. Kf3 Kd5 64. fxg5 hxg5 65. Bf6 g4+ 66. Kf4 Ke6 67. Bh4 a5 68. a4 g3 69. Bxg3 Kd7 70. h4 Kc6 71. Kxf5 Kc5 72. h5 Kb4 73. h6 Kxb3 74. h7 Kc2 75. h8=Q Kd1 76. Qd4+ Ke2 77. e4 Kf1 78. Qf2# 1-0


[Site "https://www.chess.com"]

[Event "Titled Tuesday Blitz November 30 2021"]
[White "Lysyj, Igor"]
[Black "Demchenko, Anton"]
[WhiteFideId "4150120"]
[BlackFideId "4160258"]
[WhiteElo "2611"]
[BlackElo "2583"]
[Result "1-0"]
[Round "07"]
[TimeControl "180+1"]
[Date "2021.11.30"]
[WhiteClock "0:00:13"]
[BlackClock "0:00:01"]

1. d4 d5 2. c4 dxc4 3. e3 Nf6 4. Bxc4 e6 5. Nf3 a6 6. O-O Be7 7. b3 O-O 8. Bb2 Nbd7 9. Nbd2 b6 10. e4 Bb7 11. Qe2 c5 12. Rfd1 cxd4 13. Nxd4 Qb8 14. N4f3 b5 15. Bd3 Nc5 16. Bc2 Rd8 17. Rac1 Qf4 18. Be5 Qg4 19. h3 Qh5 20. Bb1 Rac8 21. Qe3 b4 22. Bd4 Nfd7 23. e5 a5 24. Nc4 Bxf3 25. Qxf3 Qxf3 26. gxf3 a4 27. Na5 axb3 28. axb3 g6 29. f4 Bf8 30. Be3 Ra8 31. Nc6 Rdc8 32. Nxb4 Nxb3 33. Rxc8 Rxc8 34. Rxd7 Bxb4 35. Rb7 Rd8 36. Be4 Nd4 37. Rxb4 Ne2+ 38. Kf1 Nc3 39. Rc4 Nxe4 40. Rxe4 h5 41. Kg2 Rc8 42. Rd4 Rc2 43. Rd8+ Kg7 44. Bb6 Rc6 45. Ba5 Rc5 46. Bb4 Rc4 47. Be7 g5 48. Bf6+ Kg6 49. Rg8+ Kf5 50. Rxg5+ Kxf4 51. Rxh5 Rc3 52. Rh7 Rc7 53. h4 Kf5 54. Rg7 Rc4 55. h5 Rc3 56. h6 1-0


[Site "https://www.chess.com"]

[Event "Titled Tuesday Blitz November 30 2021"]
[White "Manafov, Vugar"]
[Black "Donchenko, Alexander"]
[WhiteFideId "13410814"]
[BlackFideId "24603295"]
[WhiteElo "2277"]
[BlackElo "2490"]
[Result "0-1"]
[Round "07"]
[TimeControl "180+1"]
[Date "2021.11.30"]
[WhiteClock "0:00:05"]
[BlackClock "0:00:21"]

1. d4 d5 2. c4 dxc4 3. e3 e6 4. Bxc4 c5 5. Nf3 Nf6 6. O-O a6 7. Bb3 Nc6 8. Nc3 Qc7 9. Re1 Be7 10. Qe2 O-O 11. Bd2 b6 12. dxc5 bxc5 13. Rac1 Bb7 14. Na4 Ne5 15. Nxe5 Qxe5 16. Bc3 Qg5 17. f3 Bd6 18. Nb6 Rad8 19. Nc4 Bb8 20. Red1 Qh5 21. h3 Qg5 22. Qf2 Nd5 23. f4 Qh5 24. Be5 Bxe5 25. Nxe5 Nf6 26. Bc2 Ne4 27. Qf3 Qxf3 28. Nxf3 f6 29. Kf1 Kf7 30. Ke1 Nd6 31. Bb3 Ne4 32. Bc2 Rxd1+ 33. Rxd1 Ke7 34. g4 h5 35. g5 Nc3 36. bxc3 Bxf3 37. Rb1 fxg5 38. fxg5 Bd5 39. c4 Bxc4 40. Rb7+ Kd6 41. Rxg7 Rf3 42. Kd2 Rxh3 43. g6 Rg3 44. Rh7 Rg5 45. Kc3 Bxa2 46. Bd3 a5 47. g7 h4 48. Rxh4 Rxg7 49. Ra4 Ra7 50. Rxa5 Rxa5 0-1


[Site "https://www.chess.com"]

[Event "Titled Tuesday Blitz November 30 2021"]
[White "Mitrabha, Guha"]
[Black "Jobava, Baadur"]
[WhiteFideId "5057000"]
[BlackFideId "13601520"]
[WhiteElo "2334"]
[BlackElo "2731"]
[Result "0-1"]
[Round "07"]
[TimeControl "180+1"]
[Date "2021.11.30"]
[WhiteClock "0:00:10"]
[BlackClock "0:00:43"]

1. d4 d5 2. c4 c6 3. Nf3 Nf6 4. g3 Bf5 5. Nc3 e6 6. Qb3 Qc8 7. Nh4 g6 8. f3 h5 9. Bg2 c5 10. dxc5 dxc4 11. Qxc4 Nbd7 12. e4 Bxc5 13. Qe2 O-O 14. Bh6 Re8 15. O-O-O Bb4 16. Qc2 Qc5 17. exf5 exf5 18. Kb1 Rac8 19. Qb3 Nb6 20. Bg5 Bxc3 21. Qxc3 Qxc3 22. bxc3 Nfd5 23. Bd2 Na4 24. Ka1 Ndxc3 25. Rc1 Re2 26. Rc2 Rd8 27. Rxc3 Rdxd2 28. Ra3 b5 29. f4 Rxg2 30. Nxg2 Rxg2 31. h4 Kg7 32. Rc1 a6 33. Rd3 b4 34. a3 Nc3 35. Rcxc3 bxc3 36. Rxc3 a5 37. Kb1 a4 38. Ka1 Kf6 39. Re3 Kg7 40. Kb1 f6 41. Rc3 g5 42. Rc7+ Kg6 43. hxg5 fxg5 44. Rc6+ Kg7 45. Rc7+ Kf6 46. Rc6+ Kf7 47. Rc7+ Ke6 48. Rc6+ Kd5 49. Rh6 g4 50. Rxh5 Ke4 0-1


[Site "https://www.chess.com"]

[Event "Titled Tuesday Blitz November 30 2021"]
[White "Nakamura, Hikaru"]
[Black "Zhigalko, Sergei"]
[WhiteFideId "2016192"]
[BlackFideId "13502956"]
[WhiteElo "2884"]
[BlackElo "2662"]
[Result "0-1"]
[Round "07"]
[TimeControl "180+1"]
[Date "2021.11.30"]
[WhiteClock "0:00:03"]
[BlackClock "0:00:02"]

1. d4 Nf6 2. Nf3 e6 3. c4 b6 4. g3 Ba6 5. b3 Bb4+ 6. Bd2 Be7 7. Qc2 O-O 8. e4 d5 9. cxd5 Bxf1 10. Kxf1 exd5 11. e5 Ne4 12. Nc3 Nxc3 13. Bxc3 Qd7 14. Kg2 c5 15. Rad1 Nc6 16. Rhe1 Qe6 17. Qe2 Rac8 18. Rc1 h6 19. Bb2 Rfd8 20. h4 Na5 21. Bc3 Nc6 22. Bb2 Na5 23. dxc5 bxc5 24. Red1 d4 25. Nd2 Nc6 26. Nc4 Nb4 27. a3 Nd5 28. Qf3 Rb8 29. Rd3 Rb5 30. h5 Rdb8 31. Re1 Bg5 32. a4 R5b7 33. Ba3 Be7 34. Nd2 Nc3 35. Bc1 Bg5 36. Ne4 Nxe4 37. Qxe4 Rxb3 38. Rxb3 Qxb3 39. f4 Be7 40. f5 Qb7 41. Kf3 c4 42. Qxb7 Rxb7 43. Re4 Rd7 44. e6 fxe6 45. fxe6 Rd5 46. Rf4 Bg5 47. Re4 Kf8 48. Ba3+ Ke8 49. Ke2 d3+ 50. Ke1 c3 51. Rc4 c2 52. e7 d2+ 53. Kf2 Bxe7 0-1


[Site "https://www.chess.com"]

[Event "Titled Tuesday Blitz November 30 2021"]
[White "Ozen, Bahadir"]
[Black "Siva Mahadevan"]
[WhiteFideId "6337058"]
[BlackFideId "25043153"]
[WhiteElo "2503"]
[BlackElo "2203"]
[Result "1/2-1/2"]
[Round "07"]
[TimeControl "180+1"]
[Date "2021.11.30"]
[WhiteClock "0:01:06"]
[BlackClock "0:00:52"]

1. d4 Nf6 2. Nf3 g6 3. e3 Bg7 4. Be2 O-O 5. O-O d6 6. c4 Nbd7 7. Nc3 e5 8. Qc2 Re8 9. h3 exd4 10. Nxd4 Nc5 11. Rd1 Bd7 12. b3 Qc8 13. Bf1 Nfe4 14. Nxe4 Nxe4 15. Bb2 h5 16. Ne2 h4 17. Bxg7 Kxg7 18. Qb2+ Kg8 19. Nf4 Bc6 20. Nd5 Bxd5 21. Rxd5 Qe6 22. Rad1 Rad8 23. b4 c6 24. R5d3 Qxc4 25. Rxd6 Rxd6 26. Rxd6 Qc3 27. Qxc3 Nxc3 28. Rd7 b5 29. Rxa7 Rd8 30. g3 hxg3 31. fxg3 Rd2 32. Rc7 Nxa2 33. Rxc6 Nxb4 34. Rc8+ Kg7 35. Bxb5 Nd5 36. Rd8 Rd1+ 37. Kf2 Nxe3 38. Rxd1 Nxd1+ 39. Kf3 Nc3 40. Bc4 Na4 41. g4 Kf6 42. Kf4 g5+ 43. Kg3 Nc5 44. Bd5 Nd7 45. h4 gxh4+ 46. Kxh4 Ne5 47. Kg3 Nxg4 48. Kxg4 Ke5 49. Bxf7 1/2-1/2


[Site "https://www.chess.com"]

[Event "Titled Tuesday Blitz November 30 2021"]
[White "Perez Gormaz, Matias"]
[Black "Pour Agha Bala, Amirreza"]
[WhiteFideId "3406342"]
[BlackFideId "12572896"]
[WhiteElo "2352"]
[BlackElo "2313"]
[Result "0-1"]
[Round "07"]
[TimeControl "180+1"]
[Date "2021.11.30"]
[WhiteClock "0:00:06"]
[BlackClock "0:01:06"]

1. e4 c5 2. Nf3 Nc6 3. Bb5 e6 4. O-O Nge7 5. d4 cxd4 6. Nxd4 a6 7. Nxc6 Nxc6 8. Bxc6 bxc6 9. c4 Be7 10. Nc3 O-O 11. Be3 Qc7 12. c5 f5 13. f4 d5 14. cxd6 Bxd6 15. Qd2 Bb7 16. Rad1 Rad8 17. Qd3 c5 18. Qc4 Rde8 19. e5 Qc6 20. Rf2 Be7 21. Na4 Rc8 22. b3 Rfd8 23. Rxd8+ Rxd8 24. h3 Rd5 25. Rc2 Rd1+ 26. Kh2 Re1 27. Bxc5 Bh4 28. Bb4 Qxc4 29. bxc4 Rb1 30. a3 Be4 31. Rd2 Rb3 32. Nc5 Bg3+ 33. Kg1 Rb1+ 0-1


[Site "https://www.chess.com"]

[Event "Titled Tuesday Blitz November 30 2021"]
[White "Petrovskyi, Vadym"]
[Black "Onyshchuk, Volodymyr"]
[WhiteFideId "14165210"]
[BlackFideId "14114038"]
[WhiteElo "2377"]
[BlackElo "2603"]
[Result "0-1"]
[Round "07"]
[TimeControl "180+1"]
[Date "2021.11.30"]
[WhiteClock "0:00:12"]
[BlackClock "0:01:28"]

1. e4 d6 2. d4 g6 3. Nc3 Bg7 4. f4 Nf6 5. Nf3 O-O 6. e5 dxe5 7. fxe5 Nd5 8. Bc4 Nxc3 9. bxc3 c5 10. O-O Bg4 11. h3 Bxf3 12. Qxf3 Nc6 13. Bxf7+ Kh8 14. e6 cxd4 15. Rb1 dxc3 16. Rxb7 Qc8 17. Rb1 Qa6 18. Be3 Rad8 19. Rfd1 Nd4 20. Bxd4 Rxd4 21. Ra1 Rxd1+ 22. Qxd1 Bf6 23. Kh1 Kg7 24. Qf3 Rb8 25. a4 Rb2 26. Qe4 Qc8 27. Rf1 Qb7 28. Qe2 Rb1 29. Be8 Rxf1+ 30. Qxf1 Qe4 31. Qd1 Qxe6 32. Bb5 Qe4 33. Bd3 Qxa4 34. Qe1 a5 35. Qe6 Qf4 36. Bc4 Kh6 37. Bd3 a4 38. Kg1 a3 39. Be4 a2 0-1


[Site "https://www.chess.com"]

[Event "Titled Tuesday Blitz November 30 2021"]
[White "Pichot, Alan"]
[Black "Golubka, Petro"]
[WhiteFideId "110973"]
[BlackFideId "14114224"]
[WhiteElo "2600"]
[BlackElo "2392"]
[Result "1-0"]
[Round "07"]
[TimeControl "180+1"]
[Date "2021.11.30"]
[WhiteClock "0:00:10"]
[BlackClock "0:00:53"]

1. e4 c5 2. Nf3 d6 3. d4 cxd4 4. Nxd4 Nf6 5. Nc3 a6 6. Be3 Ng4 7. Bc1 h5 8. f3 Nf6 9. Be3 e6 10. Qd2 b5 11. O-O-O Bb7 12. h4 Nbd7 13. Bg5 Be7 14. Nce2 d5 15. exd5 Nxd5 16. Ng3 Bxg5 17. hxg5 g6 18. Ne4 Qc7 19. Kb1 Nf4 20. Nxb5 axb5 21. Qxd7+ Qxd7 22. Nf6+ Kf8 23. Rxd7 Bc6 24. Rc7 Be8 25. g3 Nd5 26. Nxd5 exd5 27. Bd3 Kg7 28. a3 Ra6 29. Re7 Re6 30. Rxe6 fxe6 31. f4 Kf7 32. Kc1 Ke7 33. Kd2 Kd6 34. Kc3 e5 35. fxe5+ Kxe5 36. Rh4 Rf8 37. Kb4 Rf3 38. Bxb5 Bxb5 39. Kxb5 Rxg3 40. a4 Rg2 41. a5 Rxc2 42. b4 d4 43. a6 d3 44. Rh1 Ra2 45. Kb6 d2 46. b5 Kd4 47. Kb7 Kc3 48. a7 h4 49. b6 Kc2 50. a8=Q Rxa8 51. Kxa8 d1=Q 52. Rxd1 Kxd1 53. b7 h3 54. b8=Q h2 55. Qxh2 1-0


[Site "https://www.chess.com"]

[Event "Titled Tuesday Blitz November 30 2021"]
[White "Poormosavi, Seyed Kian"]
[Black "Lazavik, Denis"]
[WhiteFideId "12585807"]
[BlackFideId "13515110"]
[WhiteElo "2134"]
[BlackElo "2436"]
[Result "1-0"]
[Round "07"]
[TimeControl "180+1"]
[Date "2021.11.30"]
[WhiteClock "0:00:04"]
[BlackClock "0:00:04"]

1. e4 e5 2. Nf3 Nc6 3. c3 d5 4. Bb5 dxe4 5. Nxe5 Qg5 6. Qa4 Qxe5 7. Bxc6+ bxc6 8. Qxc6+ Kd8 9. Qxa8 Bc5 10. O-O Nf6 11. d4 exd3 12. Nd2 Re8 13. Nf3 Qe4 14. Qb8 Bb6 15. Bg5 h6 16. Bxf6+ gxf6 17. Rae1 Qc6 18. Rxe8+ Qxe8 19. Qa8 Qe6 20. Rd1 Bxf2+ 21. Kh1 Qd6 22. Qe4 Ba6 23. c4 Qe6 24. Rxd3+ Ke7 25. Qf4 Qxc4 26. Qxc4 Bxc4 27. Ra3 Bb6 28. Ne1 f5 29. Rh3 Bxa2 30. Rxh6 Be6 31. Rh8 Bd4 32. Rb8 a5 33. h4 Bd5 34. h5 Kf6 35. Nf3 Bb6 36. Rg8 Bxf3 37. gxf3 Be3 38. Kg2 a4 39. Kf1 Bc1 40. Ke2 Ke5 41. Kd3 Kf4 42. Kc2 Be3 43. h6 Kxf3 44. h7 Bd4 45. h8=Q Bxh8 46. Rxh8 f4 47. Rf8 Ke2 48. Rxf7 f3 49. Re7+ Kf1 50. Rxc7 f2 51. Kd2 Kg2 52. Rg7+ Kf1 53. Rf7 Kg2 54. Ke2 1-0


[Site "https://www.chess.com"]

[Event "Titled Tuesday Blitz November 30 2021"]
[White "Rustemov, Alexander"]
[Black "Svane, Rasmus"]
[WhiteFideId "4119002"]
[BlackFideId "4657101"]
[WhiteElo "2793"]
[BlackElo "2643"]
[Result "1-0"]
[Round "07"]
[TimeControl "180+1"]
[Date "2021.11.30"]
[WhiteClock "0:00:06"]
[BlackClock "0:00:15"]

1. d4 Nf6 2. c4 e6 3. Nf3 d5 4. Nc3 h6 5. cxd5 exd5 6. Bf4 Bd6 7. Bxd6 Qxd6 8. e3 c6 9. Qc2 O-O 10. Bd3 Re8 11. O-O Nbd7 12. Rfb1 a5 13. a3 Qe7 14. Na4 Ne4 15. b4 axb4 16. axb4 Nd6 17. Nc5 Rxa1 18. Rxa1 Nf6 19. Ra7 Qd8 20. Qa2 b6 21. Na4 Nd7 22. h3 Bb7 23. Nc3 b5 24. Nd2 Qb8 25. Nb3 Nc8 26. Ra3 Ncb6 27. Qa1 Rd8 28. Ne2 Nc4 29. Ra7 Ncb6 30. Nc5 Nxc5 31. dxc5 Na4 32. Ra5 Bc8 33. Nd4 Bd7 34. Bc2 Qe5 35. Bxa4 bxa4 36. Rxa4 Qg5 37. Ra8 Rxa8 38. Qxa8+ Kh7 39. Nf3 Qg6 40. Kh2 Qc2 41. Kg3 Qg6+ 42. Kh2 Qc2 43. Qd8 Be6 44. Qh4 Kg8 45. Kg3 f6 46. Nd4 Bd7 47. Nxc2 1-0


[Site "https://www.chess.com"]

[Event "Titled Tuesday Blitz November 30 2021"]
[White "Samunenkov, Ihor"]
[Black "Makarian, Rudik"]
[WhiteFideId "14187086"]
[BlackFideId "44105681"]
[WhiteElo "2348"]
[BlackElo "2486"]
[Result "1-0"]
[Round "07"]
[TimeControl "180+1"]
[Date "2021.11.30"]
[WhiteClock "0:00:21"]
[BlackClock "0:00:12"]

1. d4 Nf6 2. g3 c5 3. d5 g6 4. Bg2 Bg7 5. e4 d6 6. a4 O-O 7. Ne2 e6 8. dxe6 fxe6 9. Na3 Nc6 10. O-O Qe7 11. Nc3 Nd4 12. Ncb5 Nxb5 13. Nxb5 Rd8 14. Bf4 Ne8 15. h4 Bxb2 16. Rb1 Bg7 17. Qd3 b6 18. Bg5 Bf6 19. Bxf6 Nxf6 20. e5 dxe5 21. Qxd8+ Qxd8 22. Bxa8 e4 23. Rbd1 Bd7 24. Bc6 Qe7 25. Bxd7 Nxd7 26. Rfe1 Nf6 27. Nd6 h6 28. Nxe4 Nd5 29. c4 Nf6 30. Nxf6+ Qxf6 31. Rd6 Qc3 32. Rexe6 Kf7 33. Rxg6 Qxc4 34. Rxh6 Qc1+ 35. Kg2 c4 36. Rh7+ Kg8 37. Rc7 1-0


[Site "https://www.chess.com"]

[Event "Titled Tuesday Blitz November 30 2021"]
[White "Sanal, Vahap"]
[Black "Goryachkina, Aleksandra"]
[WhiteFideId "6300545"]
[BlackFideId "4147103"]
[WhiteElo "2499"]
[BlackElo "2441"]
[Result "1/2-1/2"]
[Round "07"]
[TimeControl "180+1"]
[Date "2021.11.30"]
[WhiteClock "0:00:07"]
[BlackClock "0:00:04"]

1. e4 e6 2. d4 d5 3. Nd2 c5 4. exd5 Qxd5 5. dxc5 Qxc5 6. Ngf3 Nf6 7. Bd3 Nbd7 8. O-O Qc7 9. Qe2 Nc5 10. Bb5+ Bd7 11. b3 Be7 12. Bb2 O-O 13. Bxd7 Ncxd7 14. c4 a5 15. Rab1 Rfd8 16. h3 h6 17. Rfd1 Qf4 18. Nf1 Nc5 19. Ng3 Qc7 20. Nd4 b6 21. Nb5 Qb7 22. Nh5 Nxh5 23. Qxh5 Ne4 24. Qf3 Bf8 25. Nd4 Rac8 26. Re1 Nc5 27. Qg3 Ne4 28. Qg4 Nf6 29. Qe2 Bc5 30. Rbd1 a4 31. Nxe6 fxe6 32. Qxe6+ Qf7 33. Qf5 axb3 34. axb3 Rxd1 35. Qxc8+ Kh7 36. Rxd1 Ne4 37. Rf1 Bxf2+ 38. Rxf2 Qxf2+ 39. Kh2 Qg3+ 40. Kg1 Qe1+ 41. Kh2 Qg3+ 42. Kg1 Qf2+ 43. Kh2 Qg3+ 1/2-1/2


[Site "https://www.chess.com"]

[Event "Titled Tuesday Blitz November 30 2021"]
[White "Seo, Jung Min"]
[Black "Bluebaum, Matthias"]
[WhiteFideId "1734687"]
[BlackFideId "24651516"]
[WhiteElo "2472"]
[BlackElo "2681"]
[Result "0-1"]
[Round "07"]
[TimeControl "180+1"]
[Date "2021.11.30"]
[WhiteClock "0:00:50"]
[BlackClock "0:00:22"]

1. d4 d5 2. c4 e6 3. Nc3 Nf6 4. Nf3 Bb4 5. Bg5 h6 6. Bxf6 Qxf6 7. Qa4+ Nc6 8. e3 O-O 9. Rc1 Qg6 10. Qc2 Qxc2 11. Rxc2 Rd8 12. a3 Bf8 13. Be2 Ne7 14. O-O c6 15. Rfc1 Bd7 16. h3 Nf5 17. Ne5 Be8 18. Bd3 f6 19. Nf3 Nd6 20. Nd2 g5 21. b4 Kg7 22. Rb1 dxc4 23. Nxc4 Nxc4 24. Bxc4 Bg6 25. e4 Rxd4 26. Bxe6 Rxe4 27. Nxe4 Bxe4 28. Rcc1 Bxb1 29. Rxb1 Rd8 30. Bg4 Rd3 31. Rd1 Rxd1+ 32. Bxd1 f5 33. Kf1 Kf6 34. Ke2 Ke5 35. Kd3 b5 36. g4 c5 37. Kc3 fxg4 38. hxg4 Ke4 39. Be2 Bg7+ 40. Kc2 c4 41. a4 a6 42. a5 Kd4 43. Bf3 Bf8 44. Bb7 Bxb4 45. Bxa6 Kc5 0-1


[Site "https://www.chess.com"]

[Event "Titled Tuesday Blitz November 30 2021"]
[White "Stribuk, Artiom"]
[Black "Kobalia, Mikhail"]
[WhiteFideId "13515659"]
[BlackFideId "4119150"]
[WhiteElo "2224"]
[BlackElo "2543"]
[Result "0-1"]
[Round "07"]
[TimeControl "180+1"]
[Date "2021.11.30"]
[WhiteClock "0:00:02"]
[BlackClock "0:01:15"]

1. d4 Nf6 2. c4 g6 3. Nf3 Bg7 4. g3 O-O 5. Bg2 d6 6. O-O Nc6 7. Nc3 a6 8. Qd3 e5 9. dxe5 dxe5 10. Qxd8 Rxd8 11. Bg5 Be6 12. Nd2 h6 13. Bxf6 Rxd2 14. Bxg7 Kxg7 15. Bxc6 bxc6 16. b3 Rad8 17. Rfd1 Bf5 18. Kf1 R8d6 19. Ke1 Rc2 20. Rdc1 Rdd2 21. Rxc2 Rxc2 22. Na4 e4 23. Kd1 e3 24. fxe3 Kf6 25. g4 Bd3 26. exd3 Rxh2 27. Rc1 Kg5 28. Rc2 Rh1+ 29. Kd2 Kxg4 30. Kc3 h5 31. Nc5 h4 32. Ne4 Rf1 33. Kd4 f5 34. Nc5 h3 35. Nxa6 Kg3 36. Nxc7 h2 37. Rxh2 Kxh2 38. a4 g5 39. Ne6 g4 40. a5 g3 41. a6 g2 42. a7 Ra1 43. Ng5 Kg3 0-1


[Site "https://www.chess.com"]